AoeStats
← CFn-Ez

Black Forest

506084232Analyzed
4v4 RM · 20d ago on Sep 12, 2026· 41m 50s· 8 players
Game mode
Random Map
Map size
Large (8 player)
Population
200
Speed
Normal
Resources
Standard
Victory
Conquest
Starting age
Dark Age
Ending age
Imperial Age
RankedLock teamsTeams togetherTeam positionsShared explorationLock speedFull tech treeHidden civsTurbo modeCheats
Victory
Defeat
🇨🇳 Mongols · China
1507
+8
🇭🇰 Hindustanis · Hong Kong SAR China
1464
+10
🇨🇳 Celts · China
1363
+20
🇨🇳 Turks · China
1261
+17
🇹🇼 Poles · Taiwan
1332
-13
🇫🇮 Persians · Finland
1331
-13
🇻🇳 Teutons · Vietnam
1310
-12
🇨🇳 Bohemians · China
1292
-11
Red
0:27 Loom
11:11 Feudal Age
15:16 Castle Age
13:55 Horse Collar
14:07 Double-Bit Axe
17:41 Wheelbarrow
18:56 Wheelbarrow
20:48 Town Watch
23:20 Hand Cart
23:33 Stone Mining
23:51 Heavy Plow
24:36 Bow Saw
25:56 Treadmill Crane
26:54 Stone Mining
26:55 Gold Mining
30:59 Imperial Age
30:00 Stone Shaft Mining
28:55 Elite Skirmisher
28:55 Crossbowman
29:41 Thumb Ring
30:25 Fletching
30:35 Padded Archer Armor
30:41 Squires
30:48 Scale Barding Armor
30:54 Forging
30:08 Light Cavalry
30:58 Bloodlines
30:49 Husbandry
31:43 Szlachta Privileges
31:41 Bodkin Arrow
32:02 Leather Archer Armor
31:57 Forging
31:53 Scale Barding Armor
33:32 Chemistry
32:53 Ballistics
32:39 Siege Engineers
32:36 Bracer
32:45 Scale Barding Armor
32:51 Forging
32:16 Cavalier
32:36 Arbalester
33:43 Winged Hussar
37:16 Chain Barding Armor
38:20 Iron Casting
阿尔特留斯
10:38 Feudal Age
12:23 Double-Bit Axe
15:20 Castle Age
13:58 Fishing Lines
16:56 Fervor
17:12 Bow Saw
18:25 Gillnets
20:05 Wheelbarrow
20:46 Horse Collar
22:33 Heavy Plow
25:52 Hand Cart
29:24 Imperial Age
27:12 Scale Mail Armor
27:23 Forging
28:16 Chemistry
27:09 Loom
27:14 Town Watch
27:21 Pikeman
28:02 Squires
29:24 Treadmill Crane
29:42 Murder Holes
30:05 Chain Mail Armor
30:17 Sanctity
29:27 Halberdier
30:22 Wagenburg Tactics
30:38 Conscription
31:02 Siege Engineers
31:08 Masonry
31:07 Caravan
30:49 Man-at-Arms
32:20 Houfnice
35:08 Architecture
35:11 Coinage
36:28 Plate Mail Armor
36:34 Iron Casting
35:49 Fletching
36:42 Banking
37:46 Padded Archer Armor
38:00 Medium Warships
39:00 Two-Man Saw
38:14 Fortified Wall
38:21 Guilds
38:02 Long Swordsman
41:30 Blast Furnace
39:53 Two-Handed Swordsman
40:33 Bodkin Arrow
40:22 Elite Hussite Wagon
Titan
1:13 Loom
11:03 Feudal Age
15:39 Castle Age
13:35 Horse Collar
13:44 Town Watch
14:16 Double-Bit Axe
18:22 Wheelbarrow
19:01 Bow Saw
24:09 Gold Mining
25:20 Hand Cart
28:18 Gold Shaft Mining
30:55 Imperial Age
28:40 Scale Barding Armor
28:45 Forging
28:41 Fletching
29:39 Heavy Plow
30:20 Chain Barding Armor
29:53 Fletching
30:27 Ballistics
31:07 Masonry
31:40 Conscription
32:23 Chemistry
31:38 Bloodlines
31:29 Husbandry
33:03 Iron Casting
32:36 Stone Mining
33:44 Crop Rotation
35:04 Architecture
35:34 Elite War Elephant
38:38 Hoardings
VN_BILL
12:18 Feudal Age
16:02 Castle Age
14:10 Double-Bit Axe
17:34 Bow Saw
20:55 Wheelbarrow
23:19 Hand Cart
29:18 Imperial Age
26:45 Loom
27:38 Forging
27:34 Scale Barding Armor
27:11 Horse Collar
27:34 Gold Mining
28:59 Iron Casting
28:27 Heavy Plow
29:31 Chain Barding Armor
30:16 Bloodlines
29:41 Cavalier
31:24 Blast Furnace
31:26 Caravan
31:57 Coinage
31:26 Paladin
32:43 Plate Barding Armor
32:45 Town Watch
33:56 Fletching
34:07 Padded Archer Armor
35:24 Two-Man Saw
34:09 Onager
35:27 Town Patrol
36:06 Bodkin Arrow
36:26 Leather Archer Armor
37:14 Chemistry
36:34 Ballistics
36:25 Fortified Wall
36:55 Banking
36:32 Siege Onager
39:09 Ring Archer Armor
38:32 Heated Shot
daitoudaguo
4:53 Loom
12:25 Feudal Age
13:38 Double-Bit Axe
13:37 Horse Collar
16:17 Castle Age
15:20 Wheelbarrow
17:11 Bow Saw
18:04 Heavy Plow
23:05 Gold Mining
23:06 Stone Mining
24:07 Hand Cart
24:07 Town Watch
29:14 Imperial Age
26:55 Guard Tower
26:54 Treadmill Crane
28:09 Fletching
28:22 Murder Holes
28:38 Masonry
31:09 Bombard Tower
30:57 Artillery
31:17 Conscription
32:05 Two-Man Saw
34:43 Elite Janissary
37:51 Bodkin Arrow
37:56 Padded Archer Armor
41:58 Leather Archer Armor
41:44 Bracer
菜菜5号
11:26 Feudal Age
15:20 Castle Age
13:11 Double-Bit Axe
16:18 Bow Saw
17:58 Wheelbarrow
18:14 Fishing Lines
18:22 Horse Collar
22:25 Heavy Plow
22:52 Stone Mining
24:27 Gold Mining
25:07 Hand Cart
28:28 Imperial Age
26:22 Town Watch
27:33 Stone Shaft Mining
27:35 Gold Shaft Mining
27:58 Loom
28:14 Gillnets
28:16 Fletching
28:28 Padded Archer Armor
28:51 Ballistics
29:22 Husbandry
29:32 Bloodlines
29:51 Parthian Tactics
29:31 Thumb Ring
30:30 Chemistry
30:09 Conscription
29:51 Nomads
30:04 Caravan
30:03 Bodkin Arrow
30:25 Leather Archer Armor
30:50 Bracer
31:13 Siege Engineers
30:43 Elite Mangudai
32:44 Drill
34:30 Coinage
35:20 Hoardings
36:26 Scale Barding Armor
37:15 Banking
37:12 Onager
37:35 Light Cavalry
37:36 Heavy Camel Rider
38:52 Masonry
39:19 Siege Onager
CFn-Ez
0:57 Loom
12:29 Feudal Age
12:59 Double-Bit Axe
15:29 Fishing Lines
21:27 Castle Age
19:55 Stone Mining
21:50 Gold Mining
22:38 Bow Saw
23:03 Gillnets
24:06 Gold Shaft Mining
25:46 Wheelbarrow
29:09 Imperial Age
27:02 Hand Cart
27:37 Stone Shaft Mining
27:44 Scale Mail Armor
27:55 Forging
28:40 Pikeman
29:05 Gambesons
29:37 Chain Mail Armor
29:57 Iron Casting
29:29 Horse Collar
29:59 Halberdier
30:51 Heavy Plow
31:42 Conscription
31:58 Plate Mail Armor
32:18 Caravan
33:20 Blast Furnace
33:47 Chemistry
33:31 Onager
34:53 Ballistics
34:39 Siege Engineers
35:42 Siege Onager
36:15 Stronghold
36:43 Furor Celtica
40:55 Coinage
KITCHIUYEAH
0:51 Loom
12:19 Feudal Age
13:14 Double-Bit Axe
16:02 Castle Age
14:00 Fishing Lines
20:49 Gillnets
23:13 Wheelbarrow
22:33 Gold Mining
22:34 Stone Mining
29:13 Imperial Age
27:19 Bow Saw
27:26 Scale Barding Armor
28:32 Gold Shaft Mining
28:55 Chain Barding Armor
28:47 Bloodlines
29:00 Husbandry
29:18 Heavy Camel Rider
30:23 Hand Cart
31:33 Two-Man Saw
31:24 Plate Barding Armor
32:03 Forging
32:02 Town Watch
31:50 Imperial Camel Rider
32:56 Caravan
33:23 Siege Engineers
34:25 Iron Casting
35:29 Chemistry
34:43 Murder Holes
34:58 Masonry
35:05 Masonry
36:36 Blast Furnace
37:18 Grand Trunk Road
37:38 Conscription
37:35 Fletching
38:27 Hoardings
38:16 Bodkin Arrow
39:09 Coinage
40:04 Bracer
Connection lost

Rejoining the realm…

Still unreachable

The connection could not be restored.

Session expired

The server has moved on; the page needs a fresh start.